Description

The VOD is in French.

This build order is a variation of the classic Cannon Rush / Proxy Robo but with full stalkers after cannon rushing. It works really well and it's an in-base cannon rush.

You can't do it an all maps. The map need to have 2 things :

  • Natural expand easy to cannon rush
  • Creep should not reach the top of the ramp.

VOD

https://youtu.be/4QsRc1i-_J0

Replay - TrevorLahey v zuka - Lost and Found LE

Build Order

Get SALT Encoding   

  12  0:00  Probe  
  13  0:13  Probe  
  14  0:21  Pylon, Probe  
  15  0:35  Probe  
  15  0:40  Forge  
  16  0:48  Probe  
  17  1:01  Pylon  
  17  1:08  Pylon x2  
  17  1:19  Photon Cannon  
  17  1:22  Probe  
  18  1:33  Pylon  
  18  1:34  Probe  
  19  1:42  Photon Cannon  
  19  1:52  Gateway  
  19  2:00  Probe  
  20  2:04  Assimilator  
  20  2:19  Probe  
  21  2:23  Photon Cannon x2  
  21  2:31  Probe  
  22  2:38  Gateway  
  22  2:43  Cybernetics Core  
  22  2:49  Zealot  
  24  3:02  Photon Cannon  
  24  3:10  Stalker x2  
  28  3:29  Shield Battery  
  28  3:36  Shield Battery  
  28  3:42  Stalker x2  
  30  4:12  Stalker x2  
  32  4:18  Shield Battery  
  32  4:28  Shield Battery  
  34  4:42  Stalker  
  33  5:11  Stalker  
  35  5:19  Stalker  
  36  5:41  Stalker  
  36  6:06  Gateway  
  38  6:33  Shield Battery  
  38  6:39  Shield Battery x2  
  38  6:42  Photon Cannon  
  38  7:00  Shield Battery  
  40  7:11  Shield Battery  
  40  7:41  Photon Cannon x3  
  42  7:48  Shield Battery  
Spawning Tool Build Advisor. Get it on Overwolf

Go to:

Details

  • Created by: zuka      
  • Published on: Sep 15, 2018
  • Modified on: Sep 15, 2018
  • Patch: 4.0.0
Show
View Real Time Build Order
Export as new Build Order

Comments (0)

There are no comments. Be the first!

Create an account to comment!